 Dungeon Crawl Stone Soup version 0.29.1-12-g30fa7ad0bf (webtiles) character file.

Game seed: 16590701942882376773

91 MisterFreud the Twirler (level 4, -2/33 HPs)
             Began as a Formicid Gladiator on Dec 25, 2022.
             Slain by a gnoll sergeant
             ... wielding a +2 trident of venom
              (14 damage)
             ... on level 5 of the Dungeon.
             The game lasted 00:02:44 (3407 turns).

MisterFreud the Twirler (Formicid Gladiator)        Turns: 3407, Time: 00:02:45

Health: -2/33      AC:  4    Str: 20    XL:     4   Next: 88%
Magic:  4/4        EV: 12    Int:  8    God:
Gold:   122        SH:  0    Dex: 15    Spells: 3/3 levels left

rFire   + . .      SeeInvis +   a - +1 quarterstaff
rCold   + + .      Faith    .   (no shield)
rNeg    . . .      Spirit   .   b - +1 leather armour
rPois   .          Reflect  .   (helmet unavailable)
rElec   .          Harm     .   m - scarf {rC+ rF+}
rCorr   .          Rampage  .   (no gloves)
Will    .....                   (no boots)
Stlth   +.........              (no amulet)
HPRegen 0.11/turn               j - ring of protection from cold
MPRegen 0.09/turn               (no ring)

@: lethally poisoned (-2 -> -12)
A: permanent stasis, dig shafts and tunnels, antennae 3, four strong arms
a: Dig, Shaft Self


You were on level 5 of the Dungeon.
You visited 1 branch of the dungeon, and saw 4 of its levels.

You collected 122 gold pieces.

Inventory:

Hand Weapons
 a - a +1 quarterstaff (weapon)
Missiles
 c - 3 throwing nets (quivered)
 d - a javelin
 h - 4 atropa-tipped darts
 n - 2 boomerangs
Armour
 b - a +1 leather armour (worn)
 m - a scarf of resistance (worn)
Jewellery
 j - a ring of protection from cold (left hand)
 k - a +6 ring of strength
Potions
 e - a potion of magic {unknown}
 f - a potion of heal wounds
 g - a potion of curing {unknown}
 i - a potion of berserk rage {unknown}
 l - a potion of lignification {unknown}


   Skills:
 - Level 2.1 Fighting
 + Level 5.2 Staves
 - Level 2.0 Throwing
 - Level 2.6 Dodging


You had 3 spell levels left.
You didn't know any spells.
Your spell library contained the following spells:

 Spells                   Type           Power      Damage    Failure   Level
 Shock                    Conj/Air       0%         1d3       45%         1
 Airstrike                Air            0%         2d(0-16)  99%         4
 Swiftness                Air            Unusable   N/A       N/A         3

Dungeon Overview and Level Annotations

Branches:
Dungeon (3/15)

Altars:
Fedhas
Okawaru
Wu Jian

Shops:
D:2 [


Innate Abilities, Weirdness & Mutations

You cannot be hasted, slowed, berserked, paralysed or teleported.
You can dig through walls and to a lower floor.
You have a pair of large antennae on your head. (SInv)
Your four strong arms can wield two-handed weapons with a shield.


Message History

HP restored.
You now have 122 gold pieces (gained 18).
You sense a monster nearby.
You sense a monster nearby.
A gnoll comes into view. It is wielding a +1 antimagic spear.
Found an Inescapable Atlas.
A gnoll is nearby!
The gnoll hits you with a +1 antimagic spear!
You feel your power leaking away.
You closely miss the gnoll. The gnoll misses you.
You hit the gnoll but do no damage.
The gnoll hits you with a +1 antimagic spear.
You hit the gnoll.
The gnoll is lightly wounded.
The gnoll hits you with a +1 antimagic spear.
You hit the gnoll but do no damage.
The gnoll is lightly wounded.
The gnoll hits you with a +1 antimagic spear.
You are too injured to fight recklessly!
You sock the gnoll!
You kill the gnoll!
You see here a +1 antimagic spear.
You start resting.
Magic restored.
You start resting.
HP restored.
A gnoll comes into view. It is wielding a +0 whip.
The gnoll shouts!
You hear a shout! x3
A gnoll comes into view. It is wielding a +0 whip.
A gnoll sergeant comes into view. It is wielding a +2 trident of venom.
You hear a shout!
The gnoll shouts!
The gnoll sergeant hits you from afar with a +2 trident of venom!
The gnoll sergeant hits you with a +2 trident of venom!
You are poisoned.
You sock the gnoll sergeant!
The gnoll sergeant is moderately wounded.
You feel very sick.
The gnoll sergeant hits you with a +2 trident of venom!
You die...

####≈..#
≈§§§.:#
##.§§.. ....?
..{###..##
.g{....g#.
##{####g#.###{
{ #g#...# {
#@#.#.#
#.###)#
#.....#
#######


You could see a gnoll sergeant and 2 gnolls.

Vanquished Creatures
  A gnoll (D:5)
  An adder (D:3)
  2 dart slugs
  3 orcs (D:3)
  6 endoplasms
  A giant cockroach (D:1)
  A goblin (D:2)
  4 hobgoblins
  4 jackals (D:3)
  10 kobolds
  4 quokkas
  8 ball pythons (D:1)
  3 bats
  5 frilled lizards
  9 rats
62 creatures vanquished.

Vanquished Creatures (others)
  7 plants (D:2)
7 creatures vanquished.

Grand Total: 69 creatures vanquished

Notes
Turn   | Place    | Note
-------+----------+-------------------------------------------
     0 | D:1      | MisterFreud the Formicid Gladiator began the quest for the
                  | Orb.
     0 | D:1      | Reached XP level 1. HP: 16/16 MP: 1/1
   329 | D:1      | Reached XP level 2. HP: 13/22 MP: 2/2
   898 | D:1      | Reached skill level 4 in Staves
   898 | D:1      | Reached XP level 3. HP: 27/27 MP: 3/3
  1265 | D:1      | Found a faded altar of an unknown god.
  2334 | D:2      | Found Dis Kik's Antique Armour Shop.
  2450 | D:2      | Reached XP level 4. HP: 33/33 MP: 4/4
  2872 | D:3      | Found an iron altar of Okawaru.
  2894 | D:3      | Found a blossoming altar of Fedhas.
  2970 | D:3      | Reached skill level 5 in Staves
  3115 | D:3      | Found an ornate altar of the Wu Jian Council.
  3159 | D:3      | Noticed an ogre
  3170 | D:3      | You fall into a shaft and drop 2 floors!
  3170 | D:5      | Entered Level 5 of the Dungeon
  3397 | D:5      | Noticed a gnoll sergeant
  3407 | D:5      | Slain by a gnoll sergeant

Illustrated notes

Levels and vault maps discovered:
D:1:      dpeg_arrival_morbid_curiosity, layout_basic,
          nicolae_ecumenical_snake_handling
D:2:      layout_loops_corners, serial_shops, shop_fountains,
          lexackson_kobold_supper
D:3:      layout_loops_ring, okawaru_trees_1, nicolae_wu_jian_wuxing_cycle,
          mainiacjoe_overflow_six_doors_small, mainiacjoe_overflow_two_lobes,
          nicolae_elevator_lobby_asterisk
D:5:      layout_basic, lightli_temple_of_fire, minmay_diced_spiral, uniq_ijyb

Skill      XL: |  1  2  3  4 |
---------------+-------------+-----
Staves         | 4 5 |  5.2
Fighting       | |  2.1
Throwing       | |  2.0
Dodging        | |  2.6

Action                   |  1- 3 |  4- 6 || total
-------------------------+-------+-------++-------
Melee: Quarterstaff      |    96 |    50 ||   146
 Abil: Shaft Self        |       |     1 ||     1
  Use: Scroll            |     5 |       ||     5
       Potion            |       |     1 ||     1
 Stab: Sleeping          |     2 |     2 ||     4
Armor: Leather armour    |    18 |    11 ||    29
Dodge: Dodged            |    79 |    32 ||   111
